cohdb
Replays
Latest Replays
All Replays
Popular Replays
Top Player Replays
Match Explorer
How It Works
Community
CoH3 Stats
Reddit
Sign in to upload your games and track your stats! →
Sign in with Steam
Match 43134551
Unlisted
Match 43134551
Overview
Messages
Build Orders
End
Panzergrenadier Squad
Kradschützen Motorcycle Team
Panzergrenadier Squad
Panzergrenadier Squad
Construct Light Support Kompanie
Fire Support Elements
Flakvierling Half-track
Panzergrenadier Squad
Panzergrenadier Squad
2.5-tonne Medical Truck
2.5-tonne Medical Truck
Construct Panzerarmee Kommand
Veteran Squad Leaders
Pak 38 Mechanized Group
Walking Stuka Rocket Launcher
Walking Stuka Rocket Launcher
2.5-tonne Medical Truck
bigrat
chochomie
Shinkou
Vazack
Zoomer
gicobiwolfe
Blanco
MoriMusic
0
0
Comments
sign in to comment!
No comments posted yet!